SA
NIAGARA FALLS EXPOS @ BELLEVUE BRUINS
08/29/2028
 
TOP OF THE 1ST
Niagara Falls Expos batting - Pitching for Bellevue Bruins : RHP Jorge Travieso
Pitching: RHP Jorge Travieso
Batting: RHB Ramón Soto 0-0: Called Strike
0-1: Foul Ball, location: 2F
0-2: Reached on error, E6 (Groundball, 6S)
Batting: RHB Corey Dudding 0-0: Called Strike
0-1: Ball
1-1: Ball
2-1: Ball
3-1: Swinging Strike
3-2: Strikes out swinging
Batting: RHB Hou Kong 0-0: Ball
1-0: Ball
2-0: Ball
3-0: Called Strike
3-1: Called Strike
3-2: Base on Balls
Batting: RHB Gabe Cain 0-0: Ball
1-0: Foul Ball, location: 2F
1-1: Foul Ball, location: 2F
1-2: SINGLE (Line Drive, 8RS)
Ramón Soto to third
Hou Kong to second
Runner from 3rd tries for Home, SAFE, no throw
Batting: RHB Fred Hulvey 0-0: Called Strike
0-1: Grounds into double play, U5-3 (Groundball, 5L)
Top of the 1st over - 1 run(s), 1 hit(s), 1 error(s), 1 left on base; Niagara Falls 1 - Bellevue 0
BOTTOM OF THE 1ST
Bellevue Bruins batting - Pitching for Niagara Falls Expos : LHP Washington Scarpenti
Pitching: LHP Washington Scarpenti
Batting: SHB Jorge Ayala 0-0: Called Strike
0-1: Called Strike
0-2: Foul Ball, location: 2F
0-2: Ball
1-2: Foul Ball, location: 2F
1-2: Strikes out looking
Batting: RHB Ernesto Trevino 0-0: SINGLE (Flyball, 8RS)
Batting: SHB Aurelio Jiménez 0-0: Ball
1-0: Ball
2-0: Swinging Strike
2-1: Ground out U3 (Groundball, 34)
Ernesto Trevino to second
Batting: RHB Miguel Elías 0-0: Ball
1-0: Called Strike
1-1: Swinging Strike
1-2: Strikes out looking
Bottom of the 1st over - 0 run(s), 1 hit(s), 0 error(s), 1 left on base; Niagara Falls 1 - Bellevue 0
TOP OF THE 2ND
Niagara Falls Expos batting - Pitching for Bellevue Bruins : RHP Jorge Travieso
Batting: LHB Kalino Darri 0-0: Ball
1-0: DOUBLE (Line Drive, 78M)
Batting: LHB Bartholomew Bailey 0-0: Called Strike
0-1: Ground out 4-3 (Groundball, 4)
Kalino Darri to third
Batting: RHB Jaime Moya 0-0: Ball
1-0: Swinging Strike
1-1: Ball
2-1: Swinging Strike
2-2: Foul Ball, location: 2F
2-2: Foul Ball, location: 2F
2-2: Strikes out looking
Batting: RHB Bogumil Tiwontschik 0-0: Fly out, F7 (Flyball, 78S)
Top of the 2nd over - 0 run(s), 1 hit(s), 0 error(s), 1 left on base; Niagara Falls 1 - Bellevue 0
BOTTOM OF THE 2ND
Bellevue Bruins batting - Pitching for Niagara Falls Expos : LHP Washington Scarpenti
Batting: RHB Richard Cutshall 0-0: Foul Ball, location: 2F
0-1: Ball
1-1: Foul Ball, location: 2F
1-2: Foul Ball, location: 2F
1-2: TRIPLE (Line Drive, 8RM)
Batting: SHB Júlio Morín Jr. 0-0: Foul Ball, location: 2F
0-1: Ball
1-1: Fly out, F3 (Popup, 34)
Batting: LHB José Vázquez 0-0: Ball
1-0: SINGLE (Line Drive, 9S)
Richard Cutshall scores
Batting: LHB David Muller 0-0: Called Strike
0-1: Ball
1-1: SINGLE (Line Drive, 6)
José Vázquez to second
Batting: RHB Ramón Ramírez 0-0: Fly out, F7 (Flyball, 7)
Batting: LHB Atro Jarvilehto 0-0: Called Strike
0-1: Ball
1-1: Foul Ball, location: 2F
1-2: Foul Ball, location: 2F
1-2: Fly out, F7 (Flyball, 7)
Bottom of the 2nd over - 1 run(s), 3 hit(s), 0 error(s), 2 left on base; Niagara Falls 1 - Bellevue 1
TOP OF THE 3RD
Niagara Falls Expos batting - Pitching for Bellevue Bruins : RHP Jorge Travieso
Now in LF: Atro Jarvilehto
Batting: RHB Ramón Soto 0-0: Called Strike
0-1: Swinging Strike
0-2: Ball
1-2: Foul Ball, location: 2F
1-2: Ball
2-2: Foul Ball, location: 2F
2-2: Strikes out swinging
Batting: RHB Corey Dudding 0-0: Foul Ball, location: 2F
0-1: Fly out, F9 (Flyball, 9S)
Batting: RHB Hou Kong 0-0: Ball
1-0: Called Strike
1-1: Ball
2-1: Foul Ball, location: 2F
2-2: Strikes out swinging, 2-3 out at first.
Top of the 3rd over - 0 run(s), 0 hit(s), 0 error(s), 0 left on base; Niagara Falls 1 - Bellevue 1
BOTTOM OF THE 3RD
Bellevue Bruins batting - Pitching for Niagara Falls Expos : LHP Washington Scarpenti
Batting: RHB Ernesto Trevino 0-0: Foul Ball, location: 2F
0-1: Foul Ball, location: 2F
0-2: Ball
1-2: Foul Ball, location: 2F
1-2: Ball
2-2: Ground out 4-3 (Groundball, 4)
Batting: SHB Aurelio Jiménez 0-0: Called Strike
0-1: Foul Ball, location: 2F
0-2: Ball
1-2: Ball
2-2: Foul Ball, location: 2F
2-2: Ball
3-2: Fly out, F8 (Flyball, 8RM)
Batting: RHB Miguel Elías 0-0: SINGLE (Groundball, 4MD)
Batting: RHB Richard Cutshall 0-0: Fielders Choice at 2nd, 6-4 (Groundball, 6)
Bottom of the 3rd over - 0 run(s), 1 hit(s), 0 error(s), 0 left on base; Niagara Falls 1 - Bellevue 1
TOP OF THE 4TH
Niagara Falls Expos batting - Pitching for Bellevue Bruins : RHP Jorge Travieso
Batting: RHB Gabe Cain 0-0: Ball
1-0: Ball
2-0: Called Strike
2-1: Reached on error, E4 (Groundball, 4)
Batting: RHB Fred Hulvey 0-0: Ball
Gabe Cain steals 2nd base
1-0: Foul Ball, location: 2F
1-1: Foul Ball, location: 2F
1-2: Strikes out swinging
Batting: LHB Kalino Darri 0-0: Called Strike
0-1: Ball
1-1: Ball
2-1: Fly out, F4 (Popup, 3D)
Batting: LHB Bartholomew Bailey 0-0: Ground out 4-3 (Groundball, 4)
Top of the 4th over - 0 run(s), 0 hit(s), 1 error(s), 1 left on base; Niagara Falls 1 - Bellevue 1
BOTTOM OF THE 4TH
Bellevue Bruins batting - Pitching for Niagara Falls Expos : LHP Washington Scarpenti
Batting: SHB Júlio Morín Jr. 0-0: Hit by Pitch
Batting: LHB José Vázquez 0-0: Ball
1-0: Ball
2-0: Called Strike
2-1: Fielders Choice at 2nd, 3-6 (Groundball, 34)
Batting: LHB David Muller 0-0: Swinging Strike
0-1: Ball
1-1: Ball
2-1: Ball
3-1: Swinging Strike
3-2: Strikes out looking
Batting: RHB Ramón Ramírez 0-0: Ball
1-0: Called Strike
1-1: Ball
2-1: Called Strike
2-2: Ball
3-2: Base on Balls
José Vázquez to second
Batting: LHB Atro Jarvilehto 0-0: Ball
1-0: Foul Ball, location: 2F
1-1: Ball
2-1: Ball
3-1: Foul Ball, location: 2F
3-2: Base on Balls
José Vázquez to third
Ramón Ramírez to second
Batting: RHB Ernesto Trevino 0-0: Called Strike
0-1: Ball
1-1: Foul Ball, location: 2F
1-2: Strikes out looking
Bottom of the 4th over - 0 run(s), 0 hit(s), 0 error(s), 3 left on base; Niagara Falls 1 - Bellevue 1
TOP OF THE 5TH
Niagara Falls Expos batting - Pitching for Bellevue Bruins : RHP Jorge Travieso
Batting: RHB Jaime Moya 0-0: Foul Ball, location: 2F
0-1: Ball
1-1: Swinging Strike
1-2: Strikes out swinging
Batting: RHB Bogumil Tiwontschik 0-0: Called Strike
0-1: Swinging Strike
0-2: Ball
1-2: SINGLE (Groundball, 6MD)
Batting: RHB Ramón Soto 0-0: Called Strike
0-1: Ball
1-1: Ball
2-1: Ball
3-1: Swinging Strike
3-2: Strikes out swinging
Batting: RHB Corey Dudding 0-0: Called Strike
0-1: Foul Ball, location: 2F
0-2: Foul Ball, location: 2F
0-2: Ball
1-2: Fielders Choice at 2nd, 4-6 (Groundball, 34)
Top of the 5th over - 0 run(s), 1 hit(s), 0 error(s), 0 left on base; Niagara Falls 1 - Bellevue 1
BOTTOM OF THE 5TH
Bellevue Bruins batting - Pitching for Niagara Falls Expos : LHP Washington Scarpenti
Batting: SHB Aurelio Jiménez 0-0: Ball
1-0: Ball
2-0: Called Strike
2-1: Called Strike
2-2: Foul Ball, location: 2F
2-2: Strikes out swinging
Batting: RHB Miguel Elías 0-0: Called Strike
0-1: Foul Ball, location: 2F
0-2: Strikes out swinging
Batting: RHB Richard Cutshall 0-0: Swinging Strike
0-1: Swinging Strike
0-2: Strikes out swinging, 2-3 out at first.
Bottom of the 5th over - 0 run(s), 0 hit(s), 0 error(s), 0 left on base; Niagara Falls 1 - Bellevue 1
TOP OF THE 6TH
Niagara Falls Expos batting - Pitching for Bellevue Bruins : RHP Jorge Travieso
Batting: RHB Hou Kong 0-0: Swinging Strike
0-1: Ball
1-1: Ball
2-1: SINGLE (Flyball, 8LS) - OUT at second base trying to stretch hit.
Batting: RHB Gabe Cain 0-0: Called Strike
0-1: Called Strike
0-2: Strikes out swinging
Batting: RHB Fred Hulvey 0-0: Ball
1-0: Ball
2-0: Called Strike
2-1: SINGLE (Groundball, 6MD)
Pinch Runner at 1st Min-tae Yi:
Batting: LHB Kalino Darri 0-0: Ball
1-0: Foul Ball, location: 2F
1-1: Ball
Min-tae Yi steals 2nd base
2-1: Called Strike
2-2: Fly out, F5 (Popup, 56S)
Top of the 6th over - 0 run(s), 2 hit(s), 0 error(s), 1 left on base; Niagara Falls 1 - Bellevue 1
BOTTOM OF THE 6TH
Bellevue Bruins batting - Pitching for Niagara Falls Expos : LHP Washington Scarpenti
Now at 3B: Min-tae Yi
Batting: SHB Júlio Morín Jr. 0-0: Called Strike
0-1: Ball
1-1: Ball
2-1: Called Strike
2-2: Strikes out swinging
Batting: LHB José Vázquez 0-0: Ground out U3 (Groundball, 3)
Batting: LHB David Muller 0-0: Reached on error, E3 (Groundball, 3L)
Pitching: RHP Benedicto Castellon
Batting: RHB Ramón Ramírez 0-0: Ball
1-0: Foul Ball, location: 2F
1-1: Fly out, F7 (Flyball, 78M)
Bottom of the 6th over - 0 run(s), 0 hit(s), 1 error(s), 1 left on base; Niagara Falls 1 - Bellevue 1
TOP OF THE 7TH
Niagara Falls Expos batting - Pitching for Bellevue Bruins : RHP Jorge Travieso
Batting: LHB Bartholomew Bailey 0-0: Ball
1-0: Ball
2-0: Ball
3-0: Called Strike
3-1: Foul Ball, location: 2F
3-2: Strikes out swinging
Pinch Hitting: RHB Francisco Valentín 0-0: Swinging Strike
0-1: Swinging Strike
0-2: Ball
1-2: Strikes out swinging
Batting: RHB Bogumil Tiwontschik 0-0: Ball
1-0: Ball
2-0: Ball
3-0: Called Strike
3-1: Called Strike
3-2: Strikes out swinging
Top of the 7th over - 0 run(s), 0 hit(s), 0 error(s), 0 left on base; Niagara Falls 1 - Bellevue 1
BOTTOM OF THE 7TH
Bellevue Bruins batting - Pitching for Niagara Falls Expos : RHP Benedicto Castellon
Now in LF: Francisco Valentín
Batting: LHB Atro Jarvilehto 0-0: Ball
1-0: Ball
2-0: Called Strike
2-1: Foul Ball, location: 2F
2-2: SINGLE (Groundball, 56D)
Batting: RHB Ernesto Trevino 0-0: Called Strike
0-1: Foul Ball, location: 2F
0-2: SINGLE (Groundball, 23) (infield hit)
Atro Jarvilehto to second
Batting: SHB Aurelio Jiménez 0-0: Ball
1-0: Ball
2-0: Swinging Strike
2-1: Ball
3-1: Called Strike
3-2: Foul Ball, location: 2F
3-2: Base on Balls
Atro Jarvilehto to third
Ernesto Trevino to second
Batting: RHB Miguel Elías 0-0: Ball
1-0: Ball
2-0: Called Strike
2-1: Swinging Strike
2-2: SINGLE (Groundball, 56D)
Atro Jarvilehto scores
Ernesto Trevino to third
Aurelio Jiménez to second
Runner from 3rd tries for Home, SAFE, no throw
Pitching: RHP Montrell Baxa
Batting: RHB Richard Cutshall 0-0: Ball
1-0: Foul Ball, location: 2F
1-1: SINGLE (Line Drive, 34D)
Aurelio Jiménez to third
Miguel Elías to second
Runner from 3rd tries for Home, SAFE, throw made home
Batting: SHB Júlio Morín Jr. 0-0: Ground out 6-3 (Groundball, 6S)
Miguel Elías to third
Richard Cutshall to second
Batting: LHB José Vázquez 0-0: Intentional Walk
Batting: LHB David Muller 0-0: Called Strike
0-1: Ball
Passed Ball!
Miguel Elías scores
Richard Cutshall to third
José Vázquez to second
1-1: Intentional Walk
Batting: RHB Ramón Ramírez 0-0: Called Strike
0-1: Swinging Strike
0-2: Ball
1-2: Strikes out swinging
Batting: LHB Atro Jarvilehto 0-0: SINGLE (Line Drive, 34)
Richard Cutshall scores
José Vázquez to third
David Muller to second
Runner from 3rd tries for Home, SAFE, no throw
Batting: RHB Ernesto Trevino 0-0: Called Strike
0-1: Swinging Strike
0-2: Ball
1-2: Fly out, F4 (Popup, 4D)
Bottom of the 7th over - 6 run(s), 5 hit(s), 0 error(s), 2 left on base; Niagara Falls 1 - Bellevue 7
TOP OF THE 8TH
Niagara Falls Expos batting - Pitching for Bellevue Bruins : RHP Jorge Travieso
Batting: RHB Ramón Soto 0-0: Foul Ball, location: 2F
0-1: Fly out, F8 (Flyball, 8LM)
Batting: RHB Corey Dudding 0-0: Ball
1-0: Foul Ball, location: 2F
1-1: Foul Ball, location: 2F
1-2: Strikes out looking
Batting: RHB Hou Kong 0-0: Swinging Strike
0-1: Swinging Strike
0-2: Strikes out looking
Top of the 8th over - 0 run(s), 0 hit(s), 0 error(s), 0 left on base; Niagara Falls 1 - Bellevue 7
BOTTOM OF THE 8TH
Bellevue Bruins batting - Pitching for Niagara Falls Expos : RHP Montrell Baxa
Batting: SHB Aurelio Jiménez 0-0: Ground out 6-3 (Groundball, 6)
Batting: RHB Miguel Elías 0-0: Ball
1-0: Swinging Strike
1-1: Ball
2-1: Ball
3-1: Reached on error, E1 (Groundball, 13)
Batting: RHB Richard Cutshall 0-0: Ball
Miguel Elías is caught stealing 2nd base
1-0: Called Strike
1-1: Ball
2-1: Swinging Strike
2-2: Foul Ball, location: 2F
2-2: SOLO HOME RUN (Flyball, 7D), Distance : 394 ft
Pitching: RHP Justin Broadfoot
Batting: SHB Júlio Morín Jr. 0-0: Called Strike
0-1: SINGLE (Groundball, 6MD)
Batting: LHB José Vázquez 0-0: Called Strike
0-1: Ground out 6-3 (Groundball, 6M)
Bottom of the 8th over - 1 run(s), 2 hit(s), 1 error(s), 1 left on base; Niagara Falls 1 - Bellevue 8
TOP OF THE 9TH
Niagara Falls Expos batting - Pitching for Bellevue Bruins : RHP Jorge Travieso
Pitching: RHP Mike Jenson
Batting: RHB Gabe Cain 0-0: Fly out, F7 (Flyball, 7)
Batting: RHB Min-tae Yi 0-0: SINGLE (Groundball, 4D)
Batting: LHB Kalino Darri 0-0: Ball
1-0: Swinging Strike
1-1: TRIPLE (Groundball, 3L)
Min-tae Yi scores
Batting: LHB Bartholomew Bailey 0-0: Ball
1-0: Fly out, F8 (Line Drive, 8LM)
Runner from 3rd tags up, SCORES, no throw
Batting: RHB Francisco Valentín 0-0: Swinging Strike
0-1: Ball
1-1: Ball
2-1: Foul Ball, location: 2F
2-2: SINGLE (Groundball, 6MD)
Batting: RHB Bogumil Tiwontschik 0-0: Called Strike
0-1: Fly out, F9 (Flyball, 9S)
Top of the 9th over - 2 run(s), 3 hit(s), 0 error(s), 1 left on base; Niagara Falls 3 - Bellevue 8
Wednesday, August 30th, 2017 - OOTP Baseball 17.12 Build 75